 Dungeon Crawl Stone Soup version 0.25-a0-1073-gf4359a17dd (webtiles) character file.

Game seed: 13772030825979280408, levelgen mode: deterministic

92 Flugslaktarn the Covered (level 4, -2/42 HPs)
             Began as a Deep Dwarf Fighter on May 14, 2020.
             Killed by nerve-wracking pain
             ... invoked by Grinder
              (12 damage)
             ... while paralysed by Grinder
             ... on level 3 of the Dungeon.
             The game lasted 00:00:24 (593 turns).

Flugslaktarn the Covered (Deep Dwarf Fighter)        Turns: 593, Time: 00:00:25

Health: -2/42      AC:  7    Str: 21    XL:     4   Next: 35%
Magic:  4/4        EV:  2    Int:  8    God:
Gold:   98         SH:  0    Dex: 12    Spells: 3/3 levels left

rFire    . . .     SeeInvis .   a - +0 war axe
rCold    . . .     Gourm    .   c - +0 kite shield
rNeg     . . .     Faith    .   b - +0 scale mail
rPois    .         Spirit   .   (no helmet)
rElec    .         Reflect  .   (no cloak)
rCorr    .         Harm     .   (no gloves)
MR       .....                  (no boots)
Stlth    ..........             (no amulet)
HPRegen  0.00/turn              (no ring)
MPRegen  0.09/turn              (no ring)

@: paralysed, non-regenerating
A: damage resistance, heal wounds, sense surroundings 1, no regeneration
a: Heal Wounds


You were on level 3 of the Dungeon.
You were not hungry.

You visited 1 branch of the dungeon, and saw 3 of its levels.

You collected 98 gold pieces.

Inventory:

Hand Weapons
 a - a +0 war axe (weapon)
Armour
 b - a +0 scale mail (worn)
 c - a +0 kite shield (worn)
Scrolls
 f - 2 scrolls of amnesia {unknown}
 j - a scroll of remove curse {unknown}
 l - a scroll of identify {unknown}
 m - a scroll of fog {unknown}
 o - a scroll of enchant weapon {unknown}
 p - a scroll of teleportation {unknown}
Potions
 d - a potion of might
 h - 2 potions of heal wounds {unknown}
 i - 2 potions of haste
 k - a potion of curing {unknown}
 n - 2 potions of experience {unknown}
 q - a potion of mutation {unknown}
Comestibles
 e - 2 rations
 g - 7 chunks of flesh


   Skills:
 + Level 3.2 Fighting
 * Level 3.6 Axes
 + Level 3.9 Armour
 + Level 3.9 Shields


You had 3 spell levels left.
You didn't know any spells.
Your spell library was empty.

Dungeon Overview and Level Annotations

Branches:
Dungeon (3/15)

Altars:

Annotations:
D:3 Grinder


Innate Abilities, Weirdness & Mutations

You are resistant to damage.
You can heal yourself by infusing magical energy.
You passively map a small area around you.
You do not regenerate.


Message History

Pain shoots through your body!
You closely miss Grinder.
Grinder is almost dead.
You barely miss the rat. You block the rat's attack.
Grinder blinks!
Your shield prevents you from hitting the rat.
You block the rat's attack. The rat bites you.
You hit the rat.
You kill the rat!
Grinder blinks!
Grinder blinks!
Found a stone staircase leading down.
You see here a goblin corpse.
Grinder gestures at you.
You suddenly lose the ability to move!
Grinder hits you.
You writhe in agony.
Grinder hits you.
You writhe in agony.
* * * LOW HITPOINT WARNING * * *
Grinder gestures at you. Pain shoots through your body!
You die...

,, #....# ## #.... . * **
##.#.##.# , .....#.# ***
* *#......####
##############.##.......,
.........÷÷.........>...
###########.††..@5.# * *
* *** *#%........# * ,
,,,, ................. ,
* #.##.........#### * ..
#.###....... # #...
...#.#.## ...##
##.#.#...* * , *... *,
....# #., , , * ,


You could see Grinder.

Vanquished Creatures
  6 adders (D:2)
  A worm (D:2)
  2 dart slugs (D:2)
  2 giant cockroaches
  A hobgoblin (D:2)
  10 jackals
  2 kobolds (D:2)
  A bat (D:1)
  2 frilled lizards
  3 goblins
  A rat (D:3)
31 creatures vanquished.

Notes
Turn   | Place    | Note
-------+----------+-------------------------------------------
     0 | D:1      | Flugslaktarn the Deep Dwarf Fighter began the quest for the
                  | Orb.
     0 | D:1      | Reached XP level 1. HP: 20/20 MP: 1/1
   283 | D:2      | Reached XP level 2. HP: 27/27 MP: 2/2
   302 | D:2      | Reached XP level 3. HP: 33/33 MP: 3/3
   465 | D:2      | Reached XP level 4. HP: 40/42 MP: 4/4
   563 | D:3      | Noticed Grinder
   590 | D:3      | Paralysed by Grinder for 7 turns
   593 | D:3      | Killed from afar by Grinder

Illustrated notes

Levels and vault maps discovered:
D:1:      minmay_arrival_four_circles, layout_basic, hangedman_decor_slide_cut,
          minmay_split_cup_small
D:2:      layout_basic, serial_bayou_pond_b
D:3:      layout_rooms, ashenzari_conservatory_becter, kennysheep_pointless_box,
          uniq_grinder

Skill      XL: |  1  2  3 |
---------------+----------+-----
Axes           | 3 |  3.6
Fighting       | 3 |  3.2
Armour         | |  3.9
Shields        | |  3.9

Action                   |  1- 3 |  4- 6 || total
-------------------------+-------+-------++-------
Melee: War axe           |    56 |    24 ||    80
 Abil: Heal Wounds       |       |     1 ||     1
Armor: Scale mail        |    36 |     9 ||    45
Dodge: Dodged            |    26 |    12 ||    38
Block: Kite shield       |    30 |    15 ||    45

Table legend:
 A = Non-vault XP
 B = Vault XP
 C = Vault XP percentage of total XP
 D = Non-vault monster count
 E = Vault monster count
 F = Vault count percentage of total count
                 A         B        C        D         E       F
            +---------+---------+-------+---------+---------+-------
      Total |     100 |      32 |  24.2 |      27 |       4 |  12.9
            +---------+---------+-------+---------+---------+-------
        D:1 |       4 |       0 |   0.0 |       3 |       0 |   0.0
        D:2 |      84 |      32 |  27.6 |      17 |       4 |  19.0
        D:3 |      12 |       0 |   0.0 |       7 |       0 |   0.0
            +---------+---------+-------+---------+---------+-------
